 Dungeon Crawl Stone Soup version bcrawl-1.12-10-g10a67aac0f (webtiles) character file.

Game seed: 17787240182864010183

739 Gumption the Sneak (level 7, 0/46 HPs)
             Began as a Dusk Walker Archaeologist on June 13, 2019.
             Was an Initiate of Okawaru.
             Slain by an iron imp (10 damage)
             ... summoned by Eustachio
             ... on level 5 of the Dungeon.
             The game lasted 00:32:52 (6251 turns).

Gumption the Sneak (Dusk Walker Archaeologist)      Turns: 6251, Time: 00:32:52

Health: 0/46       AC: 11    Str: 13    XL:     7   Next: 46%
Magic:  7/7        EV: 10    Int: 14    God:    Okawaru [......]
Gold:   452        SH:  8    Dex: 12    Spells: 6/6 levels left

rFire    . . .     SeeInvis .   t - +3 dagger
rCold    . . .     Gourm    .   u - +0 shield
rNeg     . . .     Faith    .   p - +0 ring mail
rPois    .         Spirit   .   b - +1 hat
rElec    .         Reflect  .   (no cloak)
rCorr    .         Harm     .   d - +1 pair of gloves
MR       +....                  c - +1 pair of boots
Stlth    ++++......             (no amulet)
HPRegen  0.15/turn              (no ring)
MPRegen  0.10/turn              (no ring)

@: lethally poisoned (0 -> -6), studying Short Blades
A: draining touch, unencumbered stealth, fangs 2, nightstalker 1
a: Renounce Religion


You were on level 5 of the Dungeon.
You worshipped Okawaru.
Okawaru was noncommittal.
You were hungry.

You visited 2 branches of the dungeon, and saw 6 of its levels.
You also visited: Ossuary.

You collected 452 gold pieces.

Inventory:

Hand Weapons
 a - a +0 short sword
 t - a +3 dagger (weapon)
Missiles
 n - 1641 stones (quivered)
 A - 405 sling bullets
Armour
 b - a +1 hat (worn)
 c - a +1 pair of boots (worn)
 d - a +1 pair of gloves (worn)
 l - a +3 ring mail of poison resistance
 p - a +0 ring mail (worn)
 u - a +0 shield (worn)
Wands
 D - a wand of paralysis (12)
Scrolls
 j - a scroll of enchant weapon {unknown}
 r - 2 scrolls of magic mapping
 v - a scroll of noise {unknown}
 y - a scroll of teleportation
 z - a scroll of enchant armour {unknown}
 C - a scroll of remove curse
Potions
 h - 3 potions of mutation
 i - a potion of curing {unknown}
 k - a potion of heal wounds {unknown}
 o - 2 potions of lignification {unknown}
 q - 2 potions of haste
 s - 2 potions of might
 w - a potion of agility {unknown}
 x - 3 potions of brilliance
 E - a potion of degeneration {unknown}
Books
 g - a manual of Short Blades
Miscellaneous
 f - an ancient crate
Comestibles
 e - 12 rations {!d}


   Skills:
 + Level 3.2 Fighting
 * Level 6.6 Short Blades
 * Level 3.7 Armour
 + Level 4.3 Dodging
 + Level 6.9 Stealth
 + Level 2.4 Shields


You had 6 spell levels left.
You didn't know any spells.
Your spell library was empty.

Dungeon Overview and Level Annotations

Branches:
Dungeon (5/12)             Temple (1/1) D:4

Altars:
Ashenzari
Cheibriados
Elyvilon
Fedhas
Gozag
Kikubaaqudgha
Lugonu
Nemelex Xobeh
Okawaru
Qazlal
Sif Muna
Uskayaw
Vehumet
Wu Jian
Yredelemnul
The Shining One

Annotations:
D:5 exclusion: statue, Eustachio


Innate Abilities, Weirdness & Mutations

Your attacks drain your enemies.
You move stealthily even while encumbered by armour.
You have extremely sharp teeth.
You are slightly more attuned to the shadows.


Message History

The rat bites you but does no damage. x2
You closely miss Eustachio.
Eustachio is severely wounded.
You feel sick. You block the shadow imp's attack. Eustachio closely misses you.
You block the quokka's attack.
You hit Eustachio.
Eustachio is severely wounded.
You block the rat's attack. The rat barely misses you.
The iron imp closely misses you. The quokka bites you.
You block the shadow imp's attack.
You barely miss Eustachio. You bite Eustachio, but do no damage.
Eustachio is severely wounded.
You feel sick.
Eustachio drinks a potion.
Eustachio seems to grow stronger.
The rat bites you but does no damage. x2
You barely miss Eustachio.
Eustachio is severely wounded.
You feel sick. The quokka bites you.
* * * LOW HITPOINT WARNING * * *
The shadow imp closely misses you. The iron imp hits you!
You die...

#.# #.. ### ######
############# #.....
#.........$$. #.####
#....b....... # #...
#...rr@...... #.#.##
#....@r5..... #.#...
#.$$5>5...... ###....#
#............ ........
#....######.#.######..
#.........# .#####.##
#...#####.# .......#
#... #.####.####.#
#### #......<#...#
###...###.###


You could see Eustachio, an iron imp, a shadow imp, an ufetubus, a quokka, a bat
and 2 rats.

Vanquished Creatures
  An ice beast (D:4)
  An ogre (D:5)
  3 water moccasin zombies (Ossuary)
  A scorpion (D:4)
  A crimson imp (D:4)
  An iguana (D:4)
  4 big kobold zombies (Ossuary)
  2 mummies (Ossuary)
  Robin (D:4)
  A worker ant zombie (D:4)
  2 adders (D:3)
  2 oozes
  An adder skeleton (D:4)
  5 adder zombies (Ossuary)
  5 worms
  2 dart slugs
  3 leopard geckos
  9 orcs
  3 giant cockroaches
  2 gnoll zombies (Ossuary)
  15 goblins
  9 hobgoblins
  7 jackals
  4 quokkas
  7 bats
  5 frilled lizards
  6 hobgoblin zombies (Ossuary)
  9 kobolds
  5 kobold zombies (Ossuary)
  3 orc zombies (Ossuary)
  5 rats
125 creatures vanquished.

Notes
Turn   | Place    | Note
-------+----------+-------------------------------------------
     0 | D:1      | Gumption the Dusk Walker Archaeologist began the quest for
                  | the Orb.
     0 | D:1      | Reached XP level 1. HP: 13/13 MP: 1/1
    65 | D:1      | Reached skill level 5 in Stealth
   147 | D:1      | Reached XP level 2. HP: 18/18 MP: 2/2
   677 | D:1      | Reached XP level 3. HP: 23/24 MP: 3/3
  1253 | D:2      | Reached skill level 1 in Short Blades
  1726 | D:3      | Gained mutation: You are slightly more attuned to the
                  | shadows. [Dusk Walker growth]
  1726 | D:3      | Reached XP level 4. HP: 23/29 MP: 4/4
  1732 | D:3      | Reached skill level 1 in Armour
  2485 | D:4      | Noticed a hippogriff
  2843 | D:4      | Reached XP level 5. HP: 32/35 MP: 5/5
  2896 | D:4      | Found a sand-covered staircase.
  2903 | Ossuary  | Entered an ossuary
  2979 | Ossuary  | Reached skill level 1 in Shields
  3127 | Ossuary  | Reached XP level 6. HP: 41/41 MP: 6/6
  3161 | Ossuary  | Reached skill level 5 in Short Blades
  4350 | D:4      | Found a staircase to the Ecumenical Temple.
  4352 | D:4      | Noticed an ice beast
  4365 | D:4      | Killed an ice beast
  4365 | D:4      | Reached XP level 7. HP: 36/46 MP: 7/7
  4372 | Temple   | Entered the Ecumenical Temple
  4693 | Temple   | Became a worshipper of Warmaster Okawaru
  5437 | D:4      | Noticed Robin
  5489 | D:4      | Killed Robin
  5620 | D:5      | Entered Level 5 of the Dungeon
  5627 | D:5      | Noticed Eustachio
  5669 | D:5      | Found a white marble altar of Elyvilon.
  5718 | D:5      | Found a radiant altar of Vehumet.
  6251 | D:5      | Slain by an iron imp

Skill      XL: |  1  2  3  4  5  6  7 |
---------------+----------------------+-----
Stealth        | 5 6 |  6.9
Fighting       | 2 3 |  3.2
Short Blades   | 2 3 4 5 6 |  6.6
Armour         | 1 2 3 |  3.7
Shields        | 1 2 |  2.4
Dodging        | 4 |  4.3

Action                   |  1- 3 |  4- 6 |  7- 9 || total
-------------------------+-------+-------+-------++-------
Melee: Short sword       |   131 |   371 |   178 ||   680
       Bite              |     7 |    33 |    11 ||    51
       Dagger            |       |       |    19 ||    19
Throw: Stone             |       |     7 |       ||     7
  Use: Scroll            |       |     5 |     4 ||     9
       Potion            |       |     2 |       ||     2
 Stab: Sleeping          |     8 |    15 |     5 ||    28
  Eat: Chunk             |     3 |     2 |     2 ||     7
       Ration            |       |     2 |     1 ||     3
Armor: Robe              |    12 |       |       ||    12
       Ring mail         |    24 |   107 |    81 ||   212
Dodge: Dodged            |    63 |   113 |    68 ||   244
Block: Shield            |    14 |    88 |    78 ||   180
